Map: Abyssal Reef LE

Players

Juxtapose - Winner!

  • Race: Terran Terran
  • League: Gold
  • Spawn Location: 11:00

SNSflusi

  • Race: Terran Terran
  • League: Gold
  • Spawn Location: 5:00

VOD

https://youtu.be/iJ_GqJEiM_Q

Description

This was a great match and a crazy close base race!

I'm really liking Liberator play in Terran vs Terran now, and my opponent's major mistake was not having his Vikings attack my last few Liberators. He actually swore at me post-match (not featured in the video). Shame on the salt, but a great match regardless.

Time

  • Played on: Oct. 10, 2017, 3:46 p.m.
  • Length: 17:35
Show
View Real Time Build Order
Export as new Build Order

Juxtapose Terran - Winner!

Build Orders:  

Get SALT Encoding   

  12  0:01  SCV  
  13  0:13  SCV  
  14  0:21  Supply Depot  
  14  0:25  SCV  
  15  0:43  SCV  
  15  0:48  Barracks, Supply Depot  
  16  0:55  SCV  
  17  1:00  Refinery  
  17  1:07  SCV  
  18  1:19  SCV  
  18  1:22  Refinery  
  19  1:31  SCV  
  20  1:47  Orbital Command  
  20  1:48  Marine  
  21  2:05  Factory  
  21  2:11  Supply Depot  
  21  2:18  SCV  
  21  2:19  Barracks Reactor  
  22  2:30  SCV  
  23  2:41  Supply Depot  
  23  2:42  SCV  
  24  2:54  SCV  
  25  3:01  Engineering Bay  
  25  3:02  Factory Tech Lab  
  25  3:04  Marine x2  
  27  3:10  Starport  
  27  3:17  Command Center  
  27  3:22  Marine x2  
  29  3:29  Supply Depot  
  29  3:37  Siege Tank  
  32  3:49  Starport Reactor  
  32  4:00  Sensor Tower  
  32  4:04  Marine x2  
  37  4:10  Terran Infantry Weapons Level 1, Siege Tank  
  37  4:22  Marine x2  
  39  4:29  Liberator  
  39  4:39  Orbital Command  
  39  4:51  Liberator  
  42  5:10  Orbital Command  
  45  5:20  Liberator  
  45  5:31  Missile Turret  
  45  5:36  Missile Turret  
  45  5:38  Marine  
  45  5:39  Marine  
  50  5:45  SCV x2  
  52  5:52  Barracks  
  52  5:57  SCV x2  
  54  6:07  Siege Tank  
  54  6:09  SCV x2  
  59  6:21  SCV x2  
  59  6:24  Sensor Tower  
  61  6:30  Marine x2  
  63  6:33  SCV  
  63  6:34  SCV  
  65  6:41  Barracks  
  65  6:43  Refinery  
  65  6:46  Refinery, SCV  
  66  6:48  Barracks Tech Lab  
  66  6:52  Marine x2  
  68  6:57  Medivac  
  70  7:05  Medivac  
  70  7:07  Supply Depot  
  70  7:08  Terran Infantry Armor Level 1  
  72  7:22  SCV  
  73  7:23  SCV  
  73  7:30  Supply Depot  
  73  7:34  SCV  
  73  7:35  SCV  
  75  7:41  Marine  
  75  7:42  Marine x2  
  78  7:45  Barracks Reactor  
  78  7:47  Stimpack  
  78  7:50  Medivac  
  80  7:54  Supply Depot, SCV  
  81  7:59  Marine  
  82  8:06  SCV  
  82  8:07  SCV  
  82  8:12  Siege Tank  
  87  8:19  SCV  
  88  8:21  Marine  
  88  8:22  Marine x4  
  93  8:39  Marine x3, Medivac  
  93  8:40  Marine, Medivac  
  101  8:48  Command Center  
  101  8:52  Liberator  
  101  9:01  Supply Depot  
  101  9:07  Siege Tank  
  85  9:18  SCV  
  85  9:21  Marine  
  85  9:22  Marine x4  
  91  9:30  Supply Depot, SCV  
  92  9:33  Liberator  
  92  9:39  Marine x2  
  92  9:42  SCV  
  95  9:45  Marine  
  95  9:46  Marine x2  
  95  9:47  Combat Shields  
  95  9:52  Medivac  
  103  9:54  SCV  
  103  9:57  Marine x2  
  106  10:22  Medivac  
  106  10:25  Missile Turret  
  106  10:26  Marine  
  106  10:27  Marine x4  
  106  10:28  Armory  
  113  10:30  Siege Tank  
  116  10:44  Marine x2  
  116  10:46  Marine  
  116  10:47  Marine x2  
  121  10:50  Medivac  
  123  11:02  Marine x2, Siege Tank  
  114  11:06  Marine x2  
  114  11:07  Marine  
  100  11:18  Liberator  
  100  11:20  Marine x2  
  100  11:24  Marine x3  
  105  11:34  Siege Tank  
  105  11:36  Medivac  
  105  11:38  Marine x2  
  115  11:42  Marine x2  
  114  11:59  Planetary Fortress  
  113  12:03  Marine x3  
  113  12:04  Marine x2  
  113  12:06  Siege Tank  
  113  12:07  Terran Vehicle Weapons Level 1  
  121  12:13  Refinery  
  121  12:15  Refinery  
  121  12:21  Marine x4  
  125  12:38  Siege Tank  
  125  12:43  Liberator x2  
  125  12:57  Marine x5  
  133  13:23  Marine  
  120  13:59  Marine  
  120  14:00  Marine x4  
  70  16:08  Orbital Command  
Show
View Real Time Build Order
Export as new Build Order

SNSflusi Terran 

Build Orders: MMM Bio 

Get SALT Encoding   

  12  0:01  SCV  
  13  0:13  SCV  
  14  0:20  Supply Depot  
  14  0:25  SCV  
  15  0:41  SCV  
  16  0:43  Barracks  
  16  0:51  Refinery  
  16  0:54  SCV  
  17  1:07  SCV  
  18  1:19  SCV  
  19  1:31  SCV  
  20  1:37  Supply Depot  
  20  1:40  Reaper  
  20  1:43  Orbital Command  
  21  2:11  Command Center, SCV  
  22  2:18  Barracks Reactor  
  22  2:34  SCV  
  23  2:39  Factory  
  23  2:42  Refinery  
  23  2:46  Barracks  
  23  2:52  SCV  
  24  2:59  Marine x2  
  26  3:10  SCV  
  27  3:16  Engineering Bay  
  27  3:18  Marine x2  
  29  3:24  Factory Tech Lab  
  29  3:32  SCV  
  30  3:34  Barracks Tech Lab  
  30  3:39  Supply Depot, Marine  
  30  3:40  Marine  
  32  3:43  Orbital Command  
  32  3:45  Siege Tank  
  35  3:57  Marauder  
  35  4:00  Missile Turret  
  35  4:01  Terran Infantry Weapons Level 1, SCV  
  38  4:08  Missile Turret  
  38  4:09  SCV  
  39  4:10  Marine x2  
  41  4:18  Starport  
  41  4:25  Marauder  
  41  4:26  SCV  
  41  4:27  SCV  
  45  4:33  Marine x2  
  46  4:40  SCV  
  46  4:41  SCV  
  48  4:46  Supply Depot  
  48  4:48  Supply Depot  
  48  4:52  Marine x2  
  50  4:53  SCV x2  
  52  5:03  Viking  
  54  5:08  Siege Tank  
  54  5:09  SCV x2  
  59  5:18  Marine x2  
  59  5:19  Marauder  
  63  5:24  Stimpack  
  63  5:30  Refinery  
  63  5:32  Refinery, SCV x2  
  65  5:38  Starport Reactor  
  65  5:39  Marine x2  
  67  5:44  Siege Tank  
  70  5:55  Supply Depot  
  70  5:56  Supply Depot  
  70  6:03  Supply Depot  
  70  6:06  Marauder, Marine x2, SCV x2  
  70  6:11  Terran Infantry Armor Level 1  
  76  6:16  Armory  
  76  6:20  Missile Turret  
  76  6:30  Medivac x2  
  80  6:45  Siege Tank  
  83  6:48  SCV x2  
  83  6:52  Barracks  
  85  6:59  Marine x2  
  85  7:00  Marauder  
  89  7:04  Terran Vehicle Weapons Level 1  
  89  7:15  SCV x2  
  91  7:17  Siege Tank  
  91  7:20  Supply Depot  
  94  7:24  Supply Depot  
  94  7:30  Marine x2  
  94  7:31  Marauder  
  98  7:39  Medivac x2  
  102  7:59  Command Center  
  102  8:00  Siege Tank  
  102  8:02  Marauder, Barracks Reactor, Marine x2  
  102  8:05  Terran Infantry Weapons Level 2  
  109  8:32  Marauder, Marine x2  
  109  8:33  Viking x2  
  117  8:36  SCV  
  118  8:42  SCV  
  118  8:43  Supply Depot  
  118  8:46  Supply Depot  
  119  8:51  Marine x3  
  119  8:52  Marine  
  113  9:20  Marauder, Marine x4  
  113  9:21  Viking  
  113  9:22  Viking  
  115  9:28  Terran Vehicle And Ship Armor Level 1  
  115  9:45  Marauder, Marine x4  
  119  9:46  Siege Tank  
  124  10:00  Viking x2  
  124  10:05  SCV x2  
  130  10:09  Planetary Fortress  
  130  10:17  Marine x3  
  130  10:18  Marauder, Marine  
  136  10:29  SCV x2  
  136  10:34  Medivac x2  
  142  10:37  Thor  
  142  10:40  Terran Infantry Armor Level 2  
  148  10:45  Supply Depot  
  148  10:47  Supply Depot  
  148  10:50  Marauder, Marine x4  
  148  10:52  Combat Shields  
  136  11:29  Marauder, Marine x3  
  136  11:30  Marine  
  140  11:47  Marine  
  140  11:53  Marauder, Marine x2  
  140  11:54  Marine  
  139  12:12  Sensor Tower  
  139  12:13  Command Center  
  139  12:23  Marauder, Marine x4  
  139  12:26  SCV x2  
  145  12:49  Marauder, Marine x3  
  145  12:50  Marine  
  145  12:51  Viking x2  
  102  13:45  Marauder, Marine x4  
  102  13:46  Siege Tank  
  102  13:49  Viking x2  
  67  15:35  Command Center  
  66  16:15  Orbital Command  
Tags
 
Composition
MMM Bio
League
GoldGold
Matchup
TvT
Race
Terran
Spawn Locations
Cross Positions
Add a new tag
Caveats
  • Supply blocks, unpowered buildings, or Contaminate may cause inaccurate times.
  • Supply counts are checked every 10 seconds.